 Dungeon Crawl Stone Soup version 0.23.2-33-g5129a83184 (webtiles) character file.

Game seed: 477950011441139826

788 Descartes the Agent of Entropy (level 8, -1/64 HPs)
             Began as a Formicid Abyssal Knight on July 19, 2019.
             Was a Priest of Lugonu.
             Succumbed to an orc wizard's poison
             ... on level 4 of the Dungeon.
             The game lasted 00:12:28 (2813 turns).

Descartes the Agent of Entropy (FoAK)               Turns: 2813, Time: 00:12:29

Health: -1/64      AC: 15    Str: 18    XL:     8   Next: 12%
Magic:  9/12       EV:  9    Int: 18    God:    Lugonu [***...]
Gold:   183        SH:  5    Dex: 10    Spells: 7/7 levels left

rFire    . . .     SeeInvis +   n - +3 whip (flame)
rCold    . . .     Gourm    .   v - +0 buckler
rNeg     . . .     Faith    .   j - +0 chain mail
rPois    .         Spirit   .   (helmet unavailable)
rElec    .         Reflect  .   (no cloak)
rCorr    +         Harm     .   A - +0 pair of gloves
MR       .....                  y - +2 pair of boots
Stlth    ..........             (no amulet)
HPRegen  0.20/turn              z - ring of resist corrosion
MPRegen  0.13/turn              r - +1 ring of protection

@: brilliant, lethally poisoned (-1 -> -23), flying, very slightly contaminated,
invisible
A: permanent stasis, dig shafts and tunnels, four strong arms, antennae 3
a: Dig, Shaft Self, Depart the Abyss, Bend Space, Banish, Renounce Religion


You were on level 4 of the Dungeon.
You worshipped Lugonu.
Lugonu was most pleased with you.
You were not hungry.

You visited 1 branch of the dungeon, and saw 4 of its levels.
You visited the Abyss 1 time.

You collected 183 gold pieces.

Inventory:

Hand Weapons
 n - a +3 whip of flaming (weapon)
 x - a +0 war axe
 B - a +0 quarterstaff of distortion
Missiles
 g - 5 curare-tipped needles
 l - 55 sling bullets
 m - 58 stones (quivered)
 t - 28 arrows
Armour
 b - a +0 leather armour
 j - a +0 chain mail (worn)
 v - a +0 buckler (worn)
 y - a +2 pair of boots (worn)
 A - a +0 pair of gloves (worn)
Jewellery
 o - an uncursed ring of protection from cold
 r - a +1 ring of protection (right hand)
 z - a ring of resist corrosion (left hand)
Wands
 d - a wand of random effects (13)
Scrolls
 e - 2 scrolls of vulnerability {unknown}
 f - 2 scrolls of identify {unknown}
 i - a scroll of immolation
 k - 3 scrolls of enchant weapon
 p - 2 scrolls of fog {unknown}
 q - a scroll of amnesia {unknown}
 u - 2 scrolls of fear {unknown}
Potions
 w - a potion of flight
Comestibles
 c - 5 rations
 s - a chunk of flesh


   Skills:
 + Level 6.2 Fighting
 + Level 5.0(5.9) Axes
 + Level 4.6(5.7) Maces & Flails
 + Level 5.7 Armour
 + Level 4.4 Dodging
 + Level 6.2 Stealth
 - Level 5.3 Shields
 + Level 6.3 Invocations
 + Level 5.1 Evocations


You had 7 spell levels left.
You didn't know any spells.
Your spell library was empty.

Dungeon Overview and Level Annotations

Branches:
Dungeon (4/15)
 Temple: D:4-7

Altars:
Cheibriados
Fedhas
Nemelex Xobeh
Sif Muna
Uskayaw
Vehumet


Innate Abilities, Weirdness & Mutations

You cannot be hasted, slowed, berserked, paralysed or teleported.
You can dig through walls and to a lower floor.
Your four strong arms can wield two-handed weapons with a shield.
You have a pair of large antennae on your head. (SInv)


Message History

You feel clever all of a sudden.
* * * LOW HITPOINT WARNING * * *
You feel very sick.
Okay, then.
As you read the scroll labeled UDOID MEATEPS, it crumbles to dust.
It is a scroll of enchant weapon.
Your +2 whip of flaming glows red for a moment.
* * * LOW HITPOINT WARNING * * *
You feel sick.
As you read the scroll labeled WOPNUJER NUOT, it crumbles to dust.
The air around you briefly surges with heat, but it dissipates.
It was a scroll of immolation.
* * * LOW HITPOINT WARNING * * *
You feel sick.
Okay, then.
Okay, then.
Aiming: Random Effects
Press: ? - help, Shift-Dir - straight line, f - you The puff of flame hits you but does no damage.
You die...

#..+.....#
#.##.....# {
#.......## #. ##
#.#.###.# ..{ ..
#.....#.# #. .###
#.###.### # #. .#.#
#.....#
#.#.###.#.###.#####
#%....@.#.....#
####))###.#####
#..# #.# #..###.#
#....#<# #..###.##
#.......# #########


There were no monsters in sight!

Vanquished Creatures
  A scorpion (D:4)
  2 hounds
  An orc wizard (D:4)
  2 orc priests (D:3)
  Terence (D:2)
  Natasha (D:4)
  A worker ant (D:4)
  A gnoll (D:1)
  3 adders
  2 oozes (D:2)
  A worm (D:3)
  2 dart slugs
  A leopard gecko (D:2)
  12 orcs
  5 giant cockroaches
  6 goblins
  10 hobgoblins
  6 jackals
  A quokka (D:3)
  A ball python (D:3)
  7 bats
  2 frilled lizards (D:1)
  4 kobolds
  4 rats
77 creatures vanquished.

Vanquished Creatures (others)
  A small abomination (Abyss:2)
1 creature vanquished.

Grand Total: 78 creatures vanquished

Notes
Turn   | Place    | Note
-------+----------+-------------------------------------------
     0 | Abyss:1  | Descartes the Formicid Abyssal Knight began the quest for
                  | the Orb.
     0 | Abyss:1  | Reached XP level 1. HP: 18/18 MP: 2/2
    46 | Abyss:2  | Killed a small abomination
    53 | Abyss:3  | Noticed a neqoxec
    54 | Abyss:3  | Noticed an orange crystal statue
    54 | Abyss:3  | Noticed a cyan very ugly thing
    64 | D:1      | Escaped the Abyss
   151 | D:1      | Reached skill level 1 in Dodging
   158 | D:1      | Reached XP level 2. HP: 10/24 MP: 3/3
   357 | D:1      | Found a sparkling altar of Nemelex Xobeh.
   411 | D:1      | Reached skill level 1 in Stealth
   524 | D:1      | Reached XP level 3. HP: 28/29 MP: 4/4
   561 | D:1      | Reached skill level 1 in Evocations
  1176 | D:2      | Found a blossoming altar of Fedhas.
  1195 | D:2      | Noticed Terence
  1210 | D:2      | Killed Terence
  1210 | D:2      | Reached XP level 4. HP: 31/36 MP: 4/6
  1258 | D:2      | Reached ** piety under Lugonu
  1260 | D:2      | Reached skill level 1 in Maces & Flails
  1401 | D:2      | Reached XP level 5. HP: 37/42 MP: 7/7
  1663 | D:3      | Found a hide-covered altar of Uskayaw.
  1940 | D:3      | Reached XP level 6. HP: 48/48 MP: 8/8
  1959 | D:3      | Found a snail-covered altar of Cheibriados.
  2183 | D:3      | Found a deep blue altar of Sif Muna.
  2205 | D:3      | Reached *** piety under Lugonu
  2215 | D:3      | Reached skill level 1 in Shields
  2324 | D:3      | Found a radiant altar of Vehumet.
  2690 | D:4      | Noticed Natasha
  2701 | D:4      | Killed Natasha
  2725 | D:4      | Reached XP level 7. HP: 45/54 MP: 9/9
  2809 | D:4      | Reached skill level 5 in Axes
  2809 | D:4      | Reached skill level 5 in Armour
  2809 | D:4      | Reached skill level 5 in Shields
  2809 | D:4      | Reached skill level 5 in Evocations
  2809 | D:4      | Reached XP level 8. HP: 9/64 MP: 9/12
  2811 | D:4      | HP: 2/64 [poisoned by an orc wizard]
  2813 | D:4      | Succumbed to an orc wizard's poison

Skill      XL: |  1  2  3  4  5  6  7 |
---------------+----------------------+-----
Dodging        | 1 2 4 |  4.4
Stealth        | 1 2 6 |  6.2
Evocations     | 1 2 5 |  5.1
Maces & Flails | 1 4 |  4.6
Invocations    | 3 6 |  6.3
Armour         | 3 5 |  5.7
Shields        | 1 5 |  5.3
Fighting       | 4 6 |  6.2
Axes           | 5 |  5.0

Action                   |  1- 3 |  4- 6 |  7- 9 || total
-------------------------+-------+-------+-------++-------
Melee: Hand axe          |    39 |       |       ||    39
       Whip              |    70 |   190 |    14 ||   274
 Abil: Dig               |       |     2 |       ||     2
Evoke: Wand              |       |       |     1 ||     1
  Use: Potion            |       |       |     4 ||     4
       Scroll            |       |       |     2 ||     2
  Eat: Chunk             |     1 |     6 |       ||     7
Armor: Leather armour    |     8 |       |       ||     8
       Chain mail        |    51 |   133 |    12 ||   196
Dodge: Dodged            |    39 |    56 |     2 ||    97
Block: Buckler           |       |    26 |     3 ||    29
